 Dungeon Crawl Stone Soup version 0.20.1-1-g8b1a95d (webtiles) character file.

816 Irenicus the Chopper (level 7, -7/55 HPs)
             Began as a Deep Dwarf Necromancer on Nov 1, 2017.
             Was a Follower of Makhleb.
             Mangled by an ice beast (8 damage)
             ... on level 5 of the Dungeon.
             The game lasted 00:13:25 (3153 turns).

Irenicus the Chopper (Deep Dwarf Necromancer)       Turns: 3153, Time: 00:13:25

Health: -7/55      AC:  3    Str: 11      XL:     7   Next: 62%
Magic:  0/9        EV: 11    Int: 19      God:    Makhleb [*.....]
Gold:   197        SH:  0    Dex:  6 (15) Spells: 5/10 levels left

rFire    . . .     SeeInvis .   q - +3 war axe
rCold    . . .     Gourm    .   (no shield)
rNeg     . . .     Faith    +   g - +0 leather armour
rPois    .         Spirit   .   (no helmet)
rElec    .         Reflect  .   (no cloak)
rCorr    .         Harm     .   (no gloves)
MR       +....                  (no boots)
Stlth    +.........             m - amulet of faith
Regen    0.0/turn               p - +3 ring of intelligence
MPRegen  0.2/turn               (no ring)

@: non-regenerating
A: damage resistance, heal wounds, sense surroundings 1, no regeneration
a: Heal Wounds, Renounce Religion


You were on level 5 of the Dungeon.
You worshipped Makhleb.
Makhleb was aware of your devotion.
You were not hungry.

You visited 1 branch of the dungeon, and saw 5 of its levels.

You collected 197 gold pieces.

Inventory:

Hand Weapons
 q - a +3 war axe (weapon)
 s - a +0 hand axe
Armour
 g - a +0 leather armour (worn)
 i - a +3 plate armour of cold resistance
Jewellery
 m - an amulet of faith (around neck)
 p - a +3 ring of intelligence (left hand)
Wands
 f - a wand of digging (16/24)
Scrolls
 e - 2 scrolls of fear {unknown}
 j - 2 scrolls of amnesia {unknown}
 k - a scroll of fog {unknown}
 l - a scroll of identify {unknown}
 n - a scroll of remove curse
 o - a scroll of recharging
 t - a scroll of teleportation {unknown}
Potions
 h - a potion of might
Books
 b - a book of Necromancy

   Spells                             Type                      Level
   a - Pain                           Necromancy                   1
   b - Animate Skeleton               Necromancy                   1
   c - Vampiric Draining              Necromancy                   3
   d - Regeneration                   Charms/Necromancy            3
   e - Animate Dead                   Necromancy                   4
   f - Control Undead                 Necromancy                   4
Comestibles
 a - a chunk of flesh
 c - 2 bread rations
 d - 2 meat rations
 r - a royal jelly


   Skills:
 + Level 7.4 Axes
 - Level 2.1 Dodging
 - Level 2.4 Stealth
 - Level 2.0 Spellcasting
 - Level 7.0 Necromancy


You had 5 spell levels left.
You knew the following spells:

 Your Spells              Type           Power        Failure   Level  Hunger
a - Pain                  Necr           ####         1%          1    #......
b - Vampiric Draining     Necr           ####......   3%          3    ###....
e - Animate Skeleton      Necr           N/A          1%          1    #......


Dungeon Overview and Level Annotations

Branches:
Dungeon (5/15)
 Temple: D:4-7

Altars:
Cheibriados
Dithmenos
Hepliaklqana
Makhleb

Annotations:
D:3 Grinder; Sl000nik's ghost, amateur GrFi


Innate Abilities, Weirdness & Mutations

You are resistant to damage.
You can heal yourself by infusing magical energy.
You passively map a small area around you.
You do not regenerate.


Message History

* * * LOW HITPOINT WARNING * * *
Casting: Vampiric Draining
Confirm with . or Enter, or press ? or * to list all spells.
Aiming: Vampiric Draining
Press: ? - help, Shift-Dir - straight line, f/p - ice beast
Aim: an ice beast (heavily wounded)
The ice beast is severely wounded.
You feel life coursing into your body. The ice beast hits you.
The ice beast freezes you!
* * * LOW HITPOINT WARNING * * *
Casting: Vampiric Draining
Confirm with . or Enter, or press ? or * to list all spells.
Aiming: Vampiric Draining
Press: ? - help, Shift-Dir - straight line, f/p - ice beast
Aim: an ice beast (severely wounded)
The ice beast is almost dead.
You feel life coursing into your body. The ice beast hits you.
* * * LOW HITPOINT WARNING * * *
The ice beast freezes you!
You die...

**#=.# , ..# ,
###* ..# #. ,
... ..# .. * ,
#.# ##.##.# *,
#.# #.....# ,
#.# #..#*, * *
#.# #Y.# , * #.#
#@.#, , ,,,#<#
#..# **
,..####.####..#
* ,
*#..........<..#
* * , , *
##.#.........##
, * #.##.######
, * * ,#. #.# ,
#, #.# * * * ..#
*


You could see an ice beast.

Vanquished Creatures
  Sigmund (D:4)
  Menkaure (D:4)
  Blork the orc (D:4)
  2 scorpions (D:4)
  A howler monkey (D:4)
  A quasit (D:4)
  A hound (D:2)
  2 centaur skeletons (D:4)
  An iguana (D:3)
  2 worker ants (D:4)
  3 gnolls (D:3)
  5 adders
  An ooze (D:2)
  A worm (D:4)
  4 dart slugs
  2 leopard geckos
  4 orcs (D:3)
  8 bats
  5 giant cockroaches
  2 goblins
  8 hobgoblins
  6 jackals
  A quokka (D:4)
  5 frilled lizards
  5 kobolds
  4 rats
77 creatures vanquished.

Notes
Turn   | Place    | Note
-------+----------+-------------------------------------------
     0 | D:1      | Irenicus the Deep Dwarf Necromancer began the quest for the Orb.
     0 | D:1      | Reached XP level 1. HP: 15/15 MP: 3/3
   170 | D:1      | Reached XP level 2. HP: 16/22 MP: 1/4
   273 | D:1      | Reached skill level 5 in Necromancy
   633 | D:1      | Found a snail-covered altar of Cheibriados.
   727 | D:1      | Reached XP level 3. HP: 16/28 MP: 3/6
   905 | D:1      | Learned a level 3 spell: Vampiric Draining
   996 | D:2      | Found a burning altar of Makhleb.
  1058 | D:2      | Reached XP level 4. HP: 21/36 MP: 0/7
  1067 | D:2      | Became a worshipper of Makhleb the Destroyer
  1305 | D:2      | Found a hazy altar of Hepliaklqana.
  1366 | D:2      | Learned a level 1 spell: Animate Skeleton
  1478 | D:3      | Noticed Grinder
  1623 | D:3      | Found a faded altar of an unknown god.
  1634 | D:3      | Reached * piety under Makhleb
  1778 | D:3      | Reached XP level 5. HP: 37/42 MP: 0/8
  1865 | D:3      | Reached skill level 1 in Axes
  2001 | D:3      | Noticed Sl000nik's ghost (amateur GrFi)
  2098 | D:4      | Found a shadowy altar of Dithmenos.
  2117 | D:4      | Reached XP level 6. HP: 44/49 MP: 1/9
  2212 | D:4      | Noticed Menkaure
  2241 | D:4      | Killed Menkaure
  2257 | D:4      | Noticed Blork the orc
  2266 | D:4      | Reached skill level 5 in Axes
  2269 | D:4      | Killed Blork the orc
  2403 | D:4      | Reached XP level 7. HP: 19/55 MP: 1/9
  2909 | D:4      | Noticed Sigmund
  2921 | D:4      | Killed Sigmund
  3108 | D:5      | Entered Level 5 of the Dungeon
  3152 | D:5      | HP: 1/55 [ice beast (11)]
  3153 | D:5      | Mangled by an ice beast

Skill      XL: |  1  2  3  4  5  6  7 |
---------------+----------------------+-----
Necromancy     | 5 6 7 |  7.0
Spellcasting   | 2 |  2.0
Axes           | 3 5 7 |  7.4
Dodging        | |  2.1
Stealth        | |  2.4

Action                   |  1- 3 |  4- 6 |  7- 9 || total
-------------------------+-------+-------+-------++-------
Melee: Unarmed           |    79 |    50 |       ||   129
       War axe           |       |    39 |    30 ||    69
       Hand axe          |       |    10 |       ||    10
 Cast: Pain              |    39 |    35 |       ||    74
       Vampiric Draining |     4 |    20 |     9 ||    33
 Abil: Heal Wounds       |       |     1 |       ||     1
  Use: Scroll            |       |     4 |     2 ||     6
       Potion            |       |     3 |       ||     3
 Stab: Sleeping          |     1 |       |     1 ||     2
  Eat: Chunk             |     1 |     8 |     4 ||    13
Armor: Robe              |     3 |       |       ||     3
       Leather armour    |    22 |    26 |    18 ||    66
       Plate armour      |       |    24 |       ||    24
Dodge: Dodged            |    74 |    71 |    45 ||   190
